 Dungeon Crawl Stone Soup version 0.31-a0-986-g5e6e4ef867 (webtiles) character file.

Game seed: 412561060925123824

13987 jlumianski the Grappler (level 12, -5/81 HPs)
             Began as a Gnoll Shapeshifter on Nov 16, 2023.
             Was a High Priest of Hepliaklqana.
             Slain by a two-headed ogre
             ... wielding a +0 giant club
              (14 damage)
             ... on level 12 of the Dungeon.
             The game lasted 01:03:45 (12099 turns).

jlumianski the Grappler (Gnoll Shapeshifter)       Turns: 12099, Time: 01:03:48

Health: -5/81      AC: 10    Str: 13 (16) XL:     12   Next: 11%
Magic:  22/22      EV: 15    Int:  8 (10) God:    Hepliaklqana [*****.]
Gold:   732        SH:  5    Dex: 12 (14) Spells: 16/25 levels left

rFire   . . .        H - +4 dagger (venom)
rCold   . . .        (no shield)
rNeg    . . .        Y - +3 steam dragon scales
rPois   .            (helmet currently unavailable)
rElec   .            (cloak currently unavailable)
rCorr   .            (gloves currently unavailable)
SInv    .            (boots currently unavailable)
Will    .....        m - amulet of reflection
Stlth   +++          j - +4 ring of slaying
HPRegen 0.33/turn    w - +4 ring of slaying
MPRegen 0.18/turn

%: reflection
@: beast-form
A: beast (slay +4), reduced essence, fangs 1, strong nose, distributed training,
shaggy fur 1
a: Begin Untransformation, Renounce Religion, Recall Ancestor, Ancestor
Identity, Transference, Idealise


You were on level 12 of the Dungeon.
You worshipped Hepliaklqana.
Hepliaklqana was extremely pleased with you.
You were a hulking beast.
You visited 1 branch of the dungeon, and saw 12 of its levels.
You also visited: Sewer.

You collected 732 gold pieces.

Inventory:

Hand Weapons
 o - a +2 battleaxe of flaming
 s - a +2 glaive of venom
 H - a +4 dagger of venom (weapon)
 T - a +4 trident of draining
 W - a +4 trident of venom
 X - a +1 arbalest of freezing
Missiles
 b - 41 poisoned darts (quivered)
 t - 6 silver javelins
 z - 2 curare-tipped darts
 F - 15 boomerangs
Armour
 Y - +3 steam dragon scales (worn)
Jewellery
 j - a +4 ring of slaying (left hand)
 k - the ring of Faoj {rF+ Int+5 Dex+6}
   (You found it on level 10 of the Dungeon)

   [ring of dexterity]

   Int+5:     It affects your intelligence (+5).
   Dex+6:     It affects your dexterity (+6).
   rF+:       It protects you from fire.
 l - an amulet of regeneration
 m - an amulet of reflection (around neck)
 w - a +4 ring of slaying (right hand)
 L - an amulet of the acrobat
Talismans
 c - a beast talisman
 d - a flux talisman
Wands
 a - a wand of quicksilver (4)
 e - a wand of roots (15)
 S - a wand of mindburst (2)
 Z - a wand of flame (21)
Scrolls
 f - 2 scrolls of blinking
 n - a scroll of revelation {unknown}
 q - a scroll of amnesia {unknown}
 u - a scroll of fog {unknown}
 y - 2 scrolls of brand weapon
 B - a scroll of fear
 G - a scroll of butterflies {unknown}
 I - a scroll of vulnerability {unknown}
 M - a scroll of poison {unknown}
 P - 2 scrolls of teleportation
 V - a scroll of immolation
Potions
 g - a potion of attraction
 h - 4 potions of might
 i - 6 potions of haste
 p - 3 potions of brilliance
 r - a potion of cancellation
 v - a potion of berserk rage
 x - a potion of heal wounds
 D - a potion of magic {unknown}
 J - 2 potions of degeneration
 O - a potion of invisibility {unknown}
 R - 2 potions of curing


   Skills:
 + Level 7.6 Fighting
 + Level 7.1 Short Blades
 + Level 7.1 Long Blades
 + Level 7.1 Axes
 + Level 7.1 Maces & Flails
 + Level 7.1 Polearms
 + Level 7.1 Staves
 + Level 7.1 Ranged Weapons
 + Level 7.1 Throwing
 + Level 7.1 Armour
 + Level 8.5 Dodging
 + Level 7.1 Stealth
 + Level 7.1 Shields
 + Level 9.7 Unarmed Combat
 + Level 7.1 Spellcasting
 + Level 5.9 Conjurations
 + Level 5.9 Hexes
 + Level 5.9 Summonings
 + Level 5.9 Necromancy
 + Level 5.9 Translocations
 + Level 5.9 Transmutations
 + Level 5.9 Fire Magic
 + Level 5.9 Ice Magic
 + Level 5.9 Air Magic
 + Level 5.9 Earth Magic
 + Level 5.9 Poison Magic
 + Level 7.8 Invocations
 + Level 7.1 Evocations
 + Level 9.3 Shapeshifting


You had 16 spell levels left.
You knew the following spells:

 Your Spells              Type           Power      Damage    Failure   Level
a - Blink                 Tloc           24%        N/A       2%          2
b - Call Imp              Summ           24%        N/A       2%          2
c - Mephitic Cloud        Conj/Pois/Air  12%        N/A       5%          3
d - Passwall              Tmut/Erth      10%        N/A       2%          2

Your spell library contained the following spells:

 Spells                   Type           Power      Damage    Failure   Level
 Magic Dart               Conj           48%        1d5       1%          1
 Ensorcelled Hibernation  Hex/Ice        24%        N/A       2%          2
 Lesser Beckoning         Tloc           24%        N/A       2%          2
 Momentum Strike          Conj/Tloc      24%        3d8       2%          2
 Searing Ray              Conj           24%        2d5       2%          2
 Swiftness                Air            12%        N/A       5%          3
 Fulminant Prism          Conj/Hex       6%         3d6       19%         4


Dungeon Overview and Level Annotations

Branches:
Dungeon (12/15)            Temple (0/1) D:4            Lair (0/5) D:9
    Orc (0/2) D:10          Sewer (visited)

Altars:
Hepliaklqana
Ru
Trog
Vehumet
Wu Jian

Annotations:
D:3 3 runed translucent doors, serber55's ghost, amateur DsMo
D:10 4 transporters


Innate Abilities, Weirdness & Mutations

You are a hulking beast.
Your limbs bulge with bestial killing power. (Slay +4)
Your life essence is reduced to manifest your ancestor. (-10% HP)
You have very sharp teeth.
Your uncanny sense of smell can sniff out nearby items.
Your experience applies equally to all skills.
You are covered in fur. (AC +1)


Message History

b - 41 poisoned darts (gained 4)
Things that are here:
a +0 short sword; a +0 club; a kobold skeleton
Items here: ( )) ÷.
You see here a +0 dagger.
You now drain nearby creatures when transferring your ancestor.
You open the door.
Done exploring.
What level of the Dungeon? (default 11, ? - help)
There is a stone staircase leading down here.
You climb downwards.
There is a stone staircase leading up here.
You open the door.
A two-headed ogre comes into view.
It is wielding a +0 giant club and a +0 giant spiked club.
There is an open door here.
Found a scroll labelled COAMAA PECKI and a potion of enlightenment.
The two-headed ogre shouts in stereo!
The two-headed ogre hits you with a +0 giant club!!
The two-headed ogre misses you.
You puncture the two-headed ogre!
The two-headed ogre is poisoned.
The two-headed ogre is moderately wounded.
You puncture the two-headed ogre!
The two-headed ogre looks as sick as possible!
The two-headed ogre is heavily wounded.
You puncture the two-headed ogre!
The two-headed ogre looks as sick as possible!
The two-headed ogre is severely wounded.
The two-headed ogre hits you with a +0 giant club.
The two-headed ogre hits you with a +0 giant spiked club!
You puncture the two-headed ogre!
The two-headed ogre looks as sick as possible!
The two-headed ogre is almost dead.
You hit the two-headed ogre.
The two-headed ogre looks as sick as possible!
Your bite misses the two-headed ogre.
The two-headed ogre is almost dead.
The two-headed ogre hits you with a +0 giant club!!
* * * LOW HITPOINT WARNING * * *
The two-headed ogre hits you with a +0 giant spiked club!
You die...

♣~~P# ♣PP.# ###### ♣~~P#
###......
♣♣♣♣~P#+########.O~~~♣..
♣~♣~~P........#.hPPP.~..
~P~PP....^....#.#.P~P..?
.PP...........'.##......
#......<...### .....!
#..........# .....
##+######### ..... ....
####


You could see a two-headed ogre (extremely poisoned).

Vanquished Creatures
  Erica (D:8)
  3 two-headed ogres
  The ghost of madasgardian the Chiller, a novice DgIE (D:10)
  Urug (D:10)
  Maurice (D:8)
  A rime drake (D:9)
  A hornet (D:11)
  Grinder (Sewer)
  2 shadows (D:11)
  A vampire (D:9)
  9 yaks
  5 wyverns
  2 steam dragons
  2 water moccasins
  10 ice beasts
  7 orc warriors
  2 black bears (D:4)
  2 wolves (D:9)
  2 ogres (D:5)
  5 centaurs
  3 kobold brigands
  A gnoll sergeant (D:9)
  8 wights
  3 killer bees
  A howler monkey (D:6)
  3 electric eels (D:8)
  A quasit (Sewer)
  3 hounds
  9 orc priests
  Crazy Yiuf (D:2)
  2 jellies
  4 iguanas
  Jessica (D:2)
  8 orc wizards
  Robin (D:3)
  7 gnolls
  6 adders
  6 shadow imps
  5 ufetubi
  2 dart slugs
  38 orcs
  9 endoplasms
  6 giant cockroaches
  11 goblins
  11 hobgoblins
  4 jackals (D:3)
  28 kobolds
  4 quokkas
  11 ball pythons
  8 bats
  5 frilled lizards
  11 rats
280 creatures vanquished.

Vanquished Creatures (collateral kills)
  A manticore (D:7)
  Jeremiah (D:8)
  3 yaks
  A water moccasin (D:6)
  An orc warrior (D:7)
  3 ice beasts
  A bullfrog (D:7)
  2 kobold brigands
  A killer bee (D:6)
  2 jellies (D:6)
  An orc priest (D:6)
  2 orc wizards
  5 gnolls (D:5)
  An adder (D:4)
  2 shadow imps
  A white imp (D:6)
  2 ufetubi (Sewer)
  8 orcs
  A ball python (Sewer)
  An endoplasm (D:4)
  A goblin (D:4)
  13 kobolds
54 creatures vanquished.

Vanquished Creatures (others)
  A hexer (D:10)
  An ancestor (D:4)
  A bat zombie (Sewer)
  2 endoplasms (Sewer)
  A kobold (D:10)
6 creatures vanquished.

Grand Total: 340 creatures vanquished

Notes
Turn   | Place    | Note
-------+----------+-------------------------------------------
     0 | D:1      | jlumianski the Gnoll Shapeshifter began the quest for the
                  | Orb.
     0 | D:1      | Reached XP level 1. HP: 17/17 MP: 1/1
   122 | D:2      | Found a runed translucent door.
   165 | D:2      | Reached XP level 2. HP: 23/23 MP: 2/2
   245 | D:2      | Noticed Jessica
   273 | D:2      | Killed Jessica
   274 | D:2      | Reached skill level 1 in Invocations
   274 | D:2      | Reached XP level 3. HP: 11/28 MP: 2/4
   530 | D:1      | Reached skill level 1 in Short Blades
   530 | D:1      | Reached skill level 1 in Long Blades
   530 | D:1      | Reached skill level 1 in Axes
   530 | D:1      | Reached skill level 1 in Maces & Flails
   530 | D:1      | Reached skill level 1 in Polearms
   530 | D:1      | Reached skill level 1 in Staves
   530 | D:1      | Reached skill level 1 in Ranged Weapons
   530 | D:1      | Reached skill level 1 in Throwing
   530 | D:1      | Reached skill level 1 in Armour
   530 | D:1      | Reached skill level 1 in Stealth
   530 | D:1      | Reached skill level 1 in Shields
   530 | D:1      | Reached skill level 1 in Spellcasting
   530 | D:1      | Reached skill level 1 in Evocations
   673 | D:1      | Reached XP level 4. HP: 30/34 MP: 5/5
  1092 | D:1      | You fall into a shaft and drop 1 floor!
  1186 | D:3      | Found a sacrificial altar of Ru.
  1186 | D:3      | Found a hazy altar of Hepliaklqana.
  1192 | D:3      | Became a worshipper of Hepliaklqana the Forgotten
  1326 | D:3      | Reached skill level 1 in Conjurations
  1326 | D:3      | Reached skill level 1 in Hexes
  1326 | D:3      | Reached skill level 1 in Summonings
  1326 | D:3      | Reached skill level 1 in Necromancy
  1326 | D:3      | Reached skill level 1 in Translocations
  1326 | D:3      | Reached skill level 1 in Transmutations
  1326 | D:3      | Reached skill level 1 in Fire Magic
  1326 | D:3      | Reached skill level 1 in Ice Magic
  1326 | D:3      | Reached skill level 1 in Air Magic
  1326 | D:3      | Reached skill level 1 in Earth Magic
  1326 | D:3      | Reached skill level 1 in Poison Magic
  1797 | D:3      | Reached XP level 5. HP: 38/40 MP: 5/7
  1933 | D:3      | Noticed Robin
  1945 | D:3      | Killed Robin
  2109 | D:3      | Found a runed translucent gate.
  2111 | D:3      | Found a runed translucent gate.
  2111 | D:3      | Noticed serber55's ghost (amateur DsMo)
  2112 | D:3      | Found a runed translucent gate.
  2265 | D:2      | Reached * piety under Hepliaklqana
  2465 | D:2      | Noticed Crazy Yiuf
  2473 | D:2      | Killed Crazy Yiuf
  2474 | D:2      | Reached XP level 6. HP: 42/42 MP: 8/8
  2677 | D:4      | Found a glowing drain.
  2691 | Sewer    | Entered a sewer
  2787 | Sewer    | Reached skill level 5 in Dodging
  2888 | Sewer    | Found a burning altar of Makhleb.
  2915 | Sewer    | Reached XP level 7. HP: 8/46 MP: 10/10
  3198 | Sewer    | Noticed Grinder
  3219 | Sewer    | Paralysed by Grinder for 5 turns
  3237 | Sewer    | Killed Grinder
  3795 | D:5      | Entered Level 5 of the Dungeon
  3819 | D:5      | Reached XP level 8. HP: 54/54 MP: 12/12
  3922 | D:5      | Found a bloodstained altar of Trog.
  3962 | D:5      | Gained mutation: You are covered in fur. (AC +1) [potion of
                  | mutation]
  3962 | D:5      | Gained mutation: Armour fits poorly on your strangely
                  | shaped body. [potion of mutation]
  3962 | D:5      | Lost mutation: Armour fits poorly on your strangely shaped
                  | body. [potion of mutation]
  4017 | D:6      | Reached ** piety under Hepliaklqana
  4026 | D:6      | Remembered your ancestor Iltani as a hexer
  4130 | D:6      | Found a radiant altar of Vehumet.
  4343 | D:6      | Reached XP level 9. HP: 54/59 MP: 14/14
  4346 | D:6      | Learned a level 2 spell: Blink
  4888 | D:4      | Found a staircase to the Ecumenical Temple.
  5188 | D:5      | Reached skill level 5 in Fighting
  6072 | D:7      | Reached skill level 5 in Invocations
  6452 | D:7      | Reached *** piety under Hepliaklqana
  7077 | D:7      | Noticed a manticore
  7083 | D:7      | Killed a manticore
  7084 | D:7      | Reached skill level 5 in Short Blades
  7084 | D:7      | Reached skill level 5 in Long Blades
  7084 | D:7      | Reached skill level 5 in Axes
  7084 | D:7      | Reached skill level 5 in Maces & Flails
  7084 | D:7      | Reached skill level 5 in Polearms
  7084 | D:7      | Reached skill level 5 in Staves
  7084 | D:7      | Reached skill level 5 in Ranged Weapons
  7084 | D:7      | Reached skill level 5 in Throwing
  7084 | D:7      | Reached skill level 5 in Armour
  7084 | D:7      | Reached skill level 5 in Stealth
  7084 | D:7      | Reached skill level 5 in Shields
  7084 | D:7      | Reached skill level 5 in Spellcasting
  7084 | D:7      | Reached skill level 5 in Evocations
  7084 | D:7      | Reached XP level 10. HP: 25/68 MP: 17/17
  7465 | D:8      | Noticed Jeremiah
  7468 | D:8      | Noticed a two-headed ogre
  7479 | D:8      | Killed Jeremiah
  7484 | D:8      | Killed a two-headed ogre
  8166 | D:8      | Noticed Maurice
  8169 | D:8      | Killed Maurice
  8185 | D:8      | Noticed Erica
  8192 | D:8      | Killed Erica
  8193 | D:8      | Reached XP level 11. HP: 74/74 MP: 19/19
  8193 | D:8      | Reached **** piety under Hepliaklqana
  8518 | D:10     | Entered Level 10 of the Dungeon
  8518 | D:10     | Noticed a two-headed ogre
  8520 | D:10     | Killed a two-headed ogre
  8521 | D:10     | Reached skill level 5 in Conjurations
  8521 | D:10     | Reached skill level 5 in Hexes
  8521 | D:10     | Reached skill level 5 in Summonings
  8521 | D:10     | Reached skill level 5 in Necromancy
  8521 | D:10     | Reached skill level 5 in Translocations
  8521 | D:10     | Reached skill level 5 in Transmutations
  8521 | D:10     | Reached skill level 5 in Fire Magic
  8521 | D:10     | Reached skill level 5 in Ice Magic
  8521 | D:10     | Reached skill level 5 in Air Magic
  8521 | D:10     | Reached skill level 5 in Earth Magic
  8521 | D:10     | Reached skill level 5 in Poison Magic
  8928 | D:9      | Found a staircase to the Lair.
  9113 | D:9      | Learned a level 2 spell: Call Imp
  9117 | D:9      | Learned a level 3 spell: Mephitic Cloud
  9120 | D:9      | Learned a level 2 spell: Passwall
  9236 | D:10     | Identified the ring of Faoj {rF+ Int+5 Dex+6}
  9788 | D:10     | Found a large runed translucent door.
  9788 | D:10     | Found a large runed translucent door.
 10100 | D:10     | Found a staircase to the Orcish Mines.
 10198 | D:10     | Noticed madasgardian's ghost (novice DgIE)
 10241 | D:10     | Noticed a two-headed ogre
 10259 | D:10     | Killed a two-headed ogre
 10322 | D:10     | Found a transporter.
 10326 | D:10     | Found a transporter.
 10326 | D:10     | Found a transporter.
 10326 | D:10     | Found a transporter.
 10476 | D:10     | Noticed Urug
 10512 | D:10     | Killed Urug
 10777 | D:10     | Found an ornate altar of the Wu Jian Council.
 10785 | D:10     | Reached XP level 12. HP: 74/81 MP: 22/22
 11008 | D:10     | HP: 4/81 [ice beast[madasgardian's ghost] (9)]
 11261 | D:10     | Killed madasgardian's ghost
 12010 | D:11     | Reached ***** piety under Hepliaklqana
 12091 | D:12     | Noticed a two-headed ogre
 12099 | D:12     | Slain by a two-headed ogre

Illustrated notes

Levels and vault maps discovered:
D:1:      minmay_arrival_hallway, layout_loops_ring
D:2:      layout_loops_cross, chequers_serial_rivers_micro_d,
          kennysheep_jessica_study, uniq_crazy_yiuf_cottage
D:3:      layout_basic, nicolae_overflow_two_pavilions,
          biasface_ghost_orc_armoury, uniq_robin, uniq_jessica
D:4:      layout_basic, minmay_temple_entry_statues_pillars,
          cheibrodos_sewer_entry_sluice, minmay_surrounded
D:5:      layout_rooms, lemuel_tele_altar
D:6:      layout_cave_pools, vehumet_crystals
D:7:      layout_cave_pods, minmay_small_thing
D:8:      layout_cave_pools, serial_bayou_lagoon_b, uniq_jeremiah, uniq_erica,
          uniq_maurice
D:9:      layout_roguey, hellmonk_lair_entry_icy, minmay_misc_feat_encased
D:10:     layout_loops_ring, nicolae_wu_jian_immortal_techniques, david_orc_2,
          ebering_ghost_disaster_area, nicolae_diode_intersection, uniq_urug
D:11:     layout_basic
D:12:     layout_roguey, serial_bayou, serial_bayou_lagoon_a,
          serial_bayou_pond_b, serial_bayou_pond_e, serial_bayou_ford_a,
          serial_bayou_pond_c

Skill      XL: |  1  2  3  4  5  6  7  8  9 10 11 12 |
---------------+-------------------------------------+-----
Invocations    | 1 2 3 4 5 6 7 |  7.8
Short Blades   | 1 2 3 5 6 7 |  7.1
Long Blades    | 1 2 3 5 6 7 |  7.1
Axes           | 1 2 3 5 6 7 |  7.1
Maces & Flails | 1 2 3 5 6 7 |  7.1
Polearms       | 1 2 3 5 6 7 |  7.1
Staves         | 1 2 3 5 6 7 |  7.1
Ranged Weapons | 1 2 3 5 6 7 |  7.1
Throwing       | 1 2 3 5 6 7 |  7.1
Armour         | 1 2 3 5 6 7 |  7.1
Stealth        | 1 2 3 5 6 7 |  7.1
Shields        | 1 2 3 5 6 7 |  7.1
Spellcasting   | 1 2 3 5 6 7 |  7.1
Evocations     | 1 2 3 5 6 7 |  7.1
Conjurations   | 1 2 3 4 5 |  5.9
Hexes          | 1 2 3 4 5 |  5.9
Summonings     | 1 2 3 4 5 |  5.9
Necromancy     | 1 2 3 4 5 |  5.9
Translocations | 1 2 3 4 5 |  5.9
Transmutations | 1 2 3 4 5 |  5.9
Fire Magic     | 1 2 3 4 5 |  5.9
Ice Magic      | 1 2 3 4 5 |  5.9
Air Magic      | 1 2 3 4 5 |  5.9
Earth Magic    | 1 2 3 4 5 |  5.9
Poison Magic   | 1 2 3 4 5 |  5.9
Fighting       | 3 4 5 6 7 |  7.6
Dodging        | 5 6 7 8 |  8.5
Unarmed Combat | 7 8 9 |  9.7
Shapeshifting  | 7 8 9 |  9.3

Action                     |  1- 3 |  4- 6 |  7- 9 | 10-12 || total
---------------------------+-------+-------+-------+-------++-------
  Melee: Unarmed           |    45 |   157 |   105 |       ||   307
         Bite              |     3 |    14 |    36 |    51 ||   104
         Punch             |     1 |     2 |    15 |    20 ||    38
         Dagger            |       |       |   148 |   325 ||   473
  Throw: Dart              |       |     2 |     2 |     3 ||     7
   Cast: Call Imp          |       |       |       |    11 ||    11
         Mephitic Cloud    |       |       |       |     2 ||     2
 Invoke: Ancestor Life: He |       |       |     1 |       ||     1
         Recall Ancestor   |       |       |     2 |     5 ||     7
  Evoke: Wand              |       |       |     2 |     5 ||     7
    Use: Scroll            |     4 |     2 |     4 |    10 ||    20
         Potion            |       |     2 |     6 |     4 ||    12
   Stab: Sleeping          |       |     3 |     3 |     5 ||    11
         Distracted        |       |     1 |     4 |     9 ||    14
         Confused          |       |       |     6 |     8 ||    14
 Armour: Animal skin       |    11 |    61 |    33 |       ||   105
         Skin              |       |    19 |    26 |       ||    45
         Leather armour    |       |       |    84 |    13 ||    97
         Steam dragon scal |       |       |       |    84 ||    84
  Dodge: Dodged            |    30 |    78 |   119 |   149 ||   376
  Block: Other             |       |    27 |    49 |    39 ||   115
         Reflection        |       |     3 |     5 |     6 ||    14

Table legend: (Time is in decaauts)
 A = Elapsed time spent in this place.
 B = Non-inter-level travel time spent in this place.
 C = Inter-level travel time spent in this place.
 D = Time resting spent in this place.
 E = Time spent auto-exploring this place.
 F = Levels seen in this place.
 G = Mean time per level.
                   A        B        C        D        E       F      G
               +--------+--------+--------+--------+--------+-----+--------+
         Total |  11991 |  11734 |    257 |   1864 |   5363 |  13 |  922.4 |
       Dungeon |  11220 |  10963 |    257 |   1553 |   5232 |  12 |  935.0 |
         Sewer |    771 |    771 |      0 |    311 |    130 |   1 |  771.0 |
               +--------+--------+--------+--------+--------+-----+--------+

Top non-repeatable levels by time:
    D:10: 1651 daAuts
     D:9: 1230 daAuts
     D:7: 1151 daAuts
     D:4: 1088 daAuts
     D:3: 951 daAuts
     D:5: 948 daAuts
     D:8: 910 daAuts
     D:1: 874 daAuts
     D:2: 837 daAuts
     D:6: 806 daAuts
   Sewer: 771 daAuts
    D:11: 741 daAuts
    D:12: 29 daAuts
